 Dungeon Crawl Stone Soup version 0.31-a0-703-gcfe89afef6 (webtiles) character file.

Game seed: 8212308461958560198

3635 arthad the Digger (level 9, -7/73 HPs)
             Began as a Pale Draconian Earth Elementalist on Sept 9, 2023.
             Was an Initiate of Gozag.
             Killed from afar by a deep elf pyromancer (47 damage)
             ... with a bolt of fire
             ... on level 8 of the Dungeon.
             The game lasted 00:18:19 (7827 turns).

arthad the Digger (DrEE)                            Turns: 7827, Time: 00:18:19

Health: -7/73      AC: 10    Str: 12    XL:     9   Next: 87%
Magic:  8/18       EV: 13    Int: 19    God:    Gozag
Gold:   573        SH:  0    Dex: 14    Spells: 11/20 levels left

rFire   . . .        y - +6 shillelagh "Devastator" {shatter}
rCold   . . .        (no shield)
rNeg    . . .        (body armour unavailable)
rPois   .            (helmet restricted)
rElec   +            (no cloak)
rCorr   .            g - +2 pair of gloves {Dex+3}
SInv    .            (no boots)
Will    .....        i - amulet of the Air {Inacc Air Fly rElec RMsl}
Stlth   +++          (no ring)
HPRegen 0.32/turn    (no ring)
MPRegen 0.16/turn

%: inaccuracy (-5), repel missiles
@: flying
A: breathe steam, AC +7, unfitting armour, cold-blooded, steam resistance
a: Breathe Steam, Renounce Religion, Potion Petition, Call Merchant, Bribe
Branch


You were on level 8 of the Dungeon.
You worshipped Gozag.
Gozag was pleased with you.
You visited 2 branches of the dungeon, and saw 9 of its levels.

You collected 607 gold pieces.
You paid 34 gold pieces to Gozag.

Inventory:

Hand Weapons
 k - a +1 vampiric demon whip
 y - the +6 shillelagh "Devastator" (weapon) {shatter}
   (You found it on level 6 of the Dungeon)
 z - the +9 rapier "Ebaqien" {distort, rElec Str+3}
   (You found it on level 7 of the Dungeon)

   Str+3:     It affects your strength (+3).
   rElec:     It insulates you from electricity.
Missiles
 t - a throwing net
 u - 13 poisoned darts
Armour
 g - a +2 pair of gloves of dexterity (worn)
Jewellery
 b - a ring of ice
 i - the amulet of the Air (around neck) {Inacc Air Fly rElec RMsl}
   (You took it off a goblin on level 2 of the Dungeon)

   [amulet of nothing]

   Inacc:     It reduces the accuracy of your attacks and spells.
   Air:       It enhances your air magic.
   rElec:     It insulates you from electricity.
   Fly:       It grants you flight.
   RMsl:      It protects you from missiles.
Wands
 f - a wand of light (6)
 j - a wand of flame (22)
 C - a wand of iceblast (6)
Scrolls
 c - a scroll of blinking
 e - 2 scrolls of teleportation
 h - a scroll of immolation
 m - 2 scrolls of noise
 o - 2 scrolls of enchant armour
 p - 3 scrolls of identify
 w - a scroll of enchant weapon {unknown}
 x - 4 scrolls of revelation
 A - a scroll of silence {unknown}
 B - a scroll of poison {unknown}
Potions
 a - a potion of magic
 d - a potion of invisibility
 l - 2 potions of curing
 n - a potion of haste
 q - a potion of heal wounds {unknown}
 r - 3 potions of mutation {unknown}
 s - a potion of ambrosia {unknown}
 v - a potion of resistance


   Skills:
 + Level 4.8 Fighting
 + Level 4.4 Dodging
 + Level 4.5 Stealth
 * Level 6.1 Spellcasting
 + Level 3.5 Conjurations
 + Level 4.3 Transmutations
 + Level 3.9 Fire Magic
 * Level 6.8 Earth Magic
 + Level 3.5 Poison Magic


You had 11 spell levels left.
You knew the following spells:

 Your Spells              Type           Power      Damage    Failure   Level
a - Sandblast             Erth           62%        2d14      1%          1
b - Passwall              Tmut/Erth      22%        N/A       1%          2
c - Stone Arrow           Conj/Erth      50%        3d10      3%          3
d - Ignite Poison         Fire/Tmut/Pois 20%        N/A       7%          3

Your spell library contained the following spells:

 Spells                   Type           Power      Damage    Failure   Level
 Petrify                  Tmut/Erth      27%        N/A       11%         4
 Sticky Flame             Conj/Fire      20%        2d4       24%         4
 Gell's Gravitas          Tloc           5%         N/A       32%         3
 Teleport Other           Tloc           5%         N/A       32%         3
 Dispersal                Tloc           2%         N/A       100%        6
 Ignition                 Fire           10%        3d5       100%        8


Dungeon Overview and Level Annotations

Branches:
Dungeon (8/15)             Temple (1/1) D:4
   Lair: D:8-11

Altars:
Cheibriados
Dithmenos
Elyvilon
Fedhas
Gozag
Hepliaklqana
Kikubaaqudgha
Okawaru
Qazlal
Trog
Wu Jian
Yredelemnul
Zin
The Shining One

Shops:
D:6 *   D:8 *

Annotations:
D:5 3 runed translucent doors, Wurlitzer's ghost, amateur DEFE; javelincjr's ghost, novice TrSh


Innate Abilities, Weirdness & Mutations

You can breathe blasts of scalding, opaque steam.
Your pale cyan-grey scales are hard. (AC +7)
You cannot fit into any form of body armour.
You are cold-blooded and may be slowed by cold attacks.
You are immune to the effects of steam.


Message History

The fire elemental closely misses you.
The deep elf pyromancer mumbles some strange words.
Okay, then.
Casting: Sandblast (safe; 1% risk of failure)
Confirm with . or Enter, or press ? or * to list all spells.
Aiming: Stone Arrow (dangerous; 3% risk of failure)
Press: ? - help, Shift-Dir - straight line, f/p - deep elf pyromancer
Aim: a deep elf pyromancer, wielding a +0 long sword (31% to hit)
The stone arrow misses the fire elemental.
The stone arrow hits the deep elf pyromancer.
The deep elf pyromancer is lightly wounded.
The fire elemental barely misses you.
Casting: Stone Arrow (dangerous; 3% risk of failure)
Confirm with . or Enter, or press ? or * to list all spells.
Aiming: Stone Arrow (dangerous; 3% risk of failure)
Press: ? - help, Shift-Dir - straight line, f/p - deep elf pyromancer
Aim: a deep elf pyromancer, wielding a +0 long sword (lightly wounded, 31% to hit)
The stone arrow misses the fire elemental. x2
The stone arrow hits the deep elf pyromancer!!
The deep elf pyromancer is severely wounded.
The fire elemental closely misses you. The fire elemental hits you.
The fire elemental burns you!
Casting: Stone Arrow (dangerous; 3% risk of failure)
Confirm with . or Enter, or press ? or * to list all spells.
Aiming: Stone Arrow (dangerous; 3% risk of failure)
Press: ? - help, Shift-Dir - straight line, f/p - deep elf pyromancer
Aim: a deep elf pyromancer, wielding a +0 long sword (severely wounded, 31% to hit)
The stone arrow hits the fire elemental!!
The fire elemental is heavily damaged.
The fire elemental barely misses you. The fire elemental hits you.
The fire elemental burns you! The fire elemental hits you.
The fire elemental burns you!
The deep elf pyromancer points at you and mumbles some strange words.
The bolt of fire hits the fire elemental.
The fire elemental completely resists.
The bolt of fire misses the fire elemental.
The bolt of fire hits you!!!
Ouch! That really hurt!
You die...
Your body crumbles into a pile of gold.

○. #......#§....#.. #°
#......#§.∩..... #.
#......#§....#.#
..####°##...#..#§§§§§#..
.....☼.○#####..#######.#
#.e○........)......
##E###########.##..
#EE.......# #.###.
#.###@##.####.# #.# #.
#....$...# #.###.# #.
#####$##.####.#...# #.
.................# #.
####.##......##..###.
#.###....###....#. #..
##..###..##.## #..
#####...##... ..
#....#####


You could see a deep elf pyromancer and 3 fire elementals.

Vanquished Creatures
  Sigmund (D:3)
  5 humans (D:6)
  Eustachio (D:4)
  Grum (D:8)
  A steam dragon (D:7)
  A water moccasin (D:5)
  2 ice beasts (D:5)
  4 ogres
  3 wolves (D:8)
  A centaur (D:6)
  A phantom (D:5)
  3 bullfrogs (D:7)
  A kobold brigand (D:7)
  6 scorpions
  2 howler monkeys (D:8)
  5 hounds
  2 jellies
  An orc priest (D:7)
  Jessica (D:1)
  3 iguanas
  A sleepcap (D:6)
  Natasha (twice) (D:4)
  2 orc wizards (D:7)
  Robin (D:1)
  3 gnolls (D:6)
  7 adders
  An ufetubus (D:4)
  2 worms
  4 dart slugs
  7 orcs
  3 ball pythons
  6 endoplasms
  5 giant cockroaches
  15 goblins
  8 hobgoblins
  7 quokkas
  5 bats
  6 frilled lizards
  7 kobolds
  4 rats
141 creatures vanquished.

Notes
Turn   | Place    | Note
-------+----------+-------------------------------------------
     0 | D:1      | arthad the Draconian Earth Elementalist began the quest for
                  | the Orb.
     0 | D:1      | Reached XP level 1. HP: 14/14 MP: 3/3
   111 | D:1      | Reached XP level 2. HP: 20/20 MP: 0/5
   785 | D:1      | Found a faded altar of an unknown god.
   974 | D:2      | Noticed Robin
   974 | D:2      | Noticed Jessica
   980 | D:1      | Reached XP level 3. HP: 13/27 MP: 2/6
  1004 | D:1      | Killed Jessica
  1284 | D:2      | Reached skill level 1 in Fighting
  1284 | D:2      | Reached XP level 4. HP: 35/35 MP: 5/8
  1410 | D:1      | Killed Robin
  2060 | D:3      | Noticed Sigmund
  2071 | D:3      | Killed Sigmund
  2072 | D:3      | Reached XP level 5. HP: 20/41 MP: 2/10
  2072 | D:3      | Reached XP level 6. HP: 23/48 MP: 2/11
  2080 | D:3      | Learned a level 2 spell: Passwall
  2084 | D:3      | Learned a level 3 spell: Stone Arrow
  2959 | D:4      | Found a bloodstained altar of Trog.
  3094 | D:4      | Noticed Natasha
  3099 | D:4      | Killed Natasha
  3229 | D:4      | Noticed Eustachio
  3240 | D:4      | Found an ornate altar of the Wu Jian Council.
  3244 | D:4      | Killed Eustachio
  3245 | D:4      | Reached skill level 1 in Fire Magic
  3245 | D:4      | Your scales start taking on a pale cyan-grey colour.
  3245 | D:4      | Reached XP level 7. HP: 44/56 MP: 4/12
  3245 | D:4      | Gained mutation: You are immune to the effects of steam.
                  | [Pale Draconian growth]
  3327 | D:4      | Reached skill level 1 in Poison Magic
  3822 | D:4      | Noticed Natasha
  3827 | D:4      | Killed Natasha
  3843 | D:4      | Found a staircase to the Ecumenical Temple.
  4024 | Temple   | Entered the Ecumenical Temple
  4036 | D:5      | Entered Level 5 of the Dungeon
  4042 | D:5      | Reached skill level 1 in Conjurations
  4092 | D:5      | Found a runed translucent gate.
  4092 | D:5      | Found a runed translucent gate.
  4092 | D:5      | Found a runed translucent gate.
  4266 | D:5      | Reached skill level 5 in Earth Magic
  4268 | D:5      | Found a glowing silver altar of Zin.
  4269 | D:5      | Noticed an angel
  4399 | Temple   | Became a worshipper of Gozag Ym Sagoz the Greedy
  4540 | D:5      | Reached XP level 8. HP: 63/63 MP: 11/14
  5205 | D:5      | Noticed Wurlitzer's ghost (amateur DEFE)
  5205 | D:5      | Noticed javelincjr's ghost (novice TrSh)
  5283 | D:6      | Found Xihof's General Store.
  5344 | D:6      | Reached skill level 5 in Spellcasting
  5371 | D:6      | Reached XP level 9. HP: 32/71 MP: 0/16
  6024 | D:6      | Found the +6 shillelagh "Devastator" {shatter}
  6137 | D:6      | Learned a level 3 spell: Ignite Poison
  6814 | D:7      | Found a snail-covered altar of Cheibriados.
  7064 | D:7      | Found a white marble altar of Elyvilon.
  7095 | D:7      | Found an iron altar of Okawaru.
  7231 | D:7      | Found an ancient bone altar of Kikubaaqudgha.
  7297 | D:7      | Found a shadowy altar of Dithmenos.
  7304 | D:7      | Identified the +9 rapier "Ebaqien" {distort, rElec Str+3}
  7496 | D:8      | Noticed Grum
  7496 | D:8      | Found Orejimna's Changing Room.
  7524 | D:8      | Killed Grum
  7820 | D:8      | Noticed a deep elf pyromancer
  7827 | D:8      | Killed from afar by a deep elf pyromancer

Illustrated notes

Levels and vault maps discovered:
D:1:      psy_arrival_spokes, layout_loops_ring,
          hellmonk_ecumenical_altar_run_dry, minmay_misc_feat_tiny
D:2:      layout_basic, serial_curves, eino_curves_04, eino_curves_04,
          uniq_robin, uniq_jessica
D:3:      layout_loops_ring, uniq_sigmund
D:4:      layout_loops_corners, mainiacjoe_overflow_concentric_impassable,
          mainiacjoe_overflow_boulevard, minmay_temple_entry_enclosed_plants,
          uniq_eustachio, uniq_natasha
D:5:      layout_cave_pools, zin_angel, gammafunk_ghost_cemetery,
          hangedman_decor_points
D:6:      layout_loops_corners, serial_shops, nicolae_shop_tiny_glass,
          serial_park_tiny_2, minmay_ruffians
D:7:      layout_rooms, mainiacjoe_overflow_24_doors,
          nicolae_dithmenos_through_a_glass_darkly,
          mainiacjoe_overflow_catch_the_wave, nicolae_overflow_hidden_temple
D:8:      layout_basic, tgw_sif, mainiacjoe_overflow_large_starburst,
          serial_shops, nicolae_shop_window_shopping, gammafunk_ghost_cemetery,
          nicolae_transmutations_shop, minivault_19, uniq_pikel, uniq_grum,
          uniq_joseph
Temple:   nicolae_temple_superstar

Skill      XL: |  1  2  3  4  5  6  7  8  9 |
---------------+----------------------------+-----
Stealth        | 2 3 4 |  4.5
Dodging        | 2 3 4 |  4.4
Fighting       | 1 2 3 4 |  4.8
Spellcasting   | 3 4 5 6 |  6.1
Transmutations | 2 3 4 |  4.3
Earth Magic    | 4 5 6 |  6.8
Fire Magic     | 1 2 3 |  3.9
Poison Magic   | 1 2 3 |  3.5
Conjurations   | 1 2 3 |  3.5

Action                     |  1- 3 |  4- 6 |  7- 9 || total
---------------------------+-------+-------+-------++-------
  Melee: Unarmed           |     4 |       |       ||     4
         Demon whip        |       |       |    21 ||    21
         Tailslap          |       |       |     3 ||     3
         Shillelagh        |       |       |     8 ||     8
         Punch             |       |       |     1 ||     1
   Cast: Sandblast         |    49 |    81 |   215 ||   345
         Stone Arrow       |       |       |     3 ||     3
    Use: Scroll            |       |       |     6 ||     6
         Potion            |       |       |     4 ||     4
   Stab: Distracted        |     1 |       |       ||     1
 Armour: Skin              |    15 |    33 |   131 ||   179
  Dodge: Dodged            |    14 |    29 |   129 ||   172

Table legend: (Time is in decaauts)
 A = Elapsed time spent in this place.
 B = Non-inter-level travel time spent in this place.
 C = Inter-level travel time spent in this place.
 D = Time resting spent in this place.
 E = Time spent auto-exploring this place.
 F = Levels seen in this place.
 G = Mean time per level.
                   A        B        C        D        E       F      G
               +--------+--------+--------+--------+--------+-----+--------+
         Total |   7989 |   7476 |    513 |    416 |   5873 |   9 |  887.7 |
       Dungeon |   7936 |   7460 |    476 |    416 |   5873 |   8 |  992.0 |
        Temple |     53 |     16 |     37 |      0 |      0 |   1 |   53.0 |
               +--------+--------+--------+--------+--------+-----+--------+

Top non-repeatable levels by time:
     D:6: 1340 daAuts
     D:4: 1246 daAuts
     D:1: 1190 daAuts
     D:5: 1101 daAuts
     D:3: 1007 daAuts
     D:2: 900 daAuts
     D:7: 808 daAuts
     D:8: 340 daAuts
  Temple: 53 daAuts
